 Dungeon Crawl Stone Soup version 0.21.0-25-ge575cb9 (webtiles) character file.

488 tidbits the Covert (level 7, -4/56 HPs)
             Began as a Gnoll Assassin on Jan 25, 2018.
             Slain by a centaur (8 damage)
             ... on level 5 of the Dungeon.
             The game lasted 00:08:25 (752 turns).

tidbits the Covert (Gnoll Assassin)                  Turns: 752, Time: 00:08:26

Health: -4/56      AC:  3    Str: 18    XL:     7   Next: 13%
Magic:  10/10      EV: 18    Int: 15    God:
Gold:   92         SH:  5    Dex: 17    Spells: 10/10 levels left

rFire    . . .     SeeInvis .   a - +2 dagger
rCold    . . .     Gourm    .   D - +0 buckler
rNeg     . . .     Faith    .   B - +0 robe
rPois    +         Spirit   .   (no helmet)
rElec    .         Reflect  .   C - +0 cloak
rCorr    .         Harm     .   (no gloves)
MR       .....                  (no boots)
Stlth    ++++......             (no amulet)
HPRegen  0.18/turn              V - +5 ring of evasion
MPRegen  0.12/turn              P - ring of poison resistance

@: mighty
A: distributed training, fangs 1, strong nose
a: no special abilities


You were on level 5 of the Dungeon.
You were not hungry.

You visited 1 branch of the dungeon, and saw 6 of its levels.

You collected 92 gold pieces.

Inventory:

Hand Weapons
 a - a +2 dagger (weapon)
 b - a +0 blowgun
Missiles
 d - a tomahawk
 e - 8 poisoned needles
 f - 2 curare-tipped needles
 m - 16 stones (quivered)
Armour
 B - a +0 robe (worn)
 C - a +0 cloak (worn)
 D - a +0 buckler (worn)
Jewellery
 P - a ring of poison resistance (right hand)
   (You found it on level 4 of the Dungeon)
 V - a +5 ring of evasion (left hand)
   (You found it on level 1 of the Dungeon)
Scrolls
 c - a scroll of fear {unknown}
 h - 2 scrolls of fog {unknown}
 k - 2 scrolls of amnesia
 l - a scroll of noise
Potions
 n - a potion of might
Comestibles
 g - 3 rations


   Skills:
 + Level 5.1 Fighting
 + Level 5.1 Short Blades
 + Level 2.2 Long Blades
 + Level 2.2 Axes
 + Level 2.2 Maces & Flails
 + Level 2.2 Polearms
 + Level 2.2 Staves
 + Level 2.2 Slings
 + Level 2.2 Bows
 + Level 2.2 Crossbows
 + Level 5.1 Throwing
 + Level 2.2 Armour
 + Level 3.4 Dodging
 + Level 8.1 Stealth
 + Level 2.2 Shields
 + Level 2.2 Unarmed Combat
 + Level 2.2 Spellcasting
 + Level 1.8 Conjurations
 + Level 1.8 Hexes
 + Level 1.8 Charms
 + Level 1.8 Summonings
 + Level 1.8 Necromancy
 + Level 1.8 Translocations
 + Level 1.8 Transmutations
 + Level 1.8 Fire Magic
 + Level 1.8 Ice Magic
 + Level 1.8 Air Magic
 + Level 1.8 Earth Magic
 + Level 1.8 Poison Magic
 + Level 2.5 Invocations
 + Level 2.2 Evocations


You had 10 spell levels left.
You didn't know any spells.

Dungeon Overview and Level Annotations

Branches:
Dungeon (6/15)
 Temple: D:4-7

Altars:
Hepliaklqana
Ru


Innate Abilities, Weirdness & Mutations

Your experience applies equally to all skills.
You have very sharp teeth.
Your uncanny sense of smell can sniff out nearby items.


Message History

You climb downwards.
There is a stone staircase leading up here.
There is a stone staircase leading down here.
You climb downwards.
There is a stone staircase leading up here.
Unknown command.
There is a stone staircase leading up here.
You climb upwards.
There is a stone staircase leading down here.
Unknown command.
Unknown command.
Found a scroll of amnesia.
Found a chain mail.
An orc comes into view. It is wielding an enchanted hand axe.
Found a sacrificial altar of Ru.
An orc comes into view. It is wielding a dagger.
An orc comes into view. It is wielding a mace.
Found a ring mail.
An orc comes into view. It is wielding a club.
The orc shouts! x2; You hear a shout!
The orc shouts!
The orc barely misses you.
You hear a shout!
An orc comes into view.
You feel very mighty all of a sudden. The orc completely misses you.
You barely miss the orc. You closely miss the orc. Your bite misses the orc.
The orc hits you with an enchanted hand axe.
* * * LOW HITPOINT WARNING * * *
You closely miss the orc. The orc misses you.
You barely miss the orc. You hit the orc.
The orc is almost dead.
The orc barely misses you.
You puncture the orc!
You kill the orc!
A hound zombie comes into view.
You hit the orc but do no damage. The orc hits you with a dagger.
* * * LOW HITPOINT WARNING * * *
The orc hits you.
* * * LOW HITPOINT WARNING * * *
Unknown command.
You closely miss the orc. The orc misses you.
The orc hits you but does no damage. The orc completely misses you.
You closely miss the orc. You bite the orc.
The orc is heavily wounded.
The orc hits you with a dagger.
* * * LOW HITPOINT WARNING * * *
The orc misses you. You block the orc's attack.
You puncture the orc!
You kill the orc!
You block the orc's attack. The orc completely misses you.
You barely miss the orc. You bite the orc!
You kill the orc!
The orc hits you with a dagger.
* * * LOW HITPOINT WARNING * * *
Items here: ))) [ †† You puncture the orc!
You kill the orc!
A centaur comes into view.
You barely miss the hound zombie. The hound zombie closely misses you.
You barely miss the hound zombie. You bite the hound zombie.
The hound zombie is lightly damaged.
The hound zombie bites you.
* * * LOW HITPOINT WARNING * * *
You puncture the hound zombie!
The hound zombie is heavily damaged.
You block the hound zombie's attack.
You puncture the hound zombie!
The hound zombie is almost destroyed.
The hound zombie bites you.
* * * LOW HITPOINT WARNING * * *
You hit the hound zombie.
You destroy the hound zombie!
You barely miss the orc. You puncture the orc!
You kill the orc!
Things that are here:
a dagger; a leather armour; an orc corpse The centaur shouts!
The centaur wields a shortbow.
The centaur shoots an arrow.
The arrow hits you.
* * * LOW HITPOINT WARNING * * *
You see here an arrow.
The centaur unwields an uncursed shortbow.
You block the centaur's attack.
There is a sacrificial altar of Ru here.
You hit the centaur.
The centaur is lightly wounded.
The centaur hits you.
* * * LOW HITPOINT WARNING * * *
You barely miss the centaur.
The centaur is lightly wounded.
The centaur completely misses you.
You hit the centaur.
The centaur is moderately wounded.
The centaur barely misses you.
You puncture the centaur!
The centaur is severely wounded.
The centaur misses you. The centaur hits you!
You die...

#.. .# ###.# ###.#
.... ..#.#
####.####.#[#
#......[#.#.# #
##.##.#?#.#
##.#.#...#)#.#.#
.......@.......#####
.#.#.#c.(#.#)#.....#
##.##.#.#.....#
......#.#.....#####
###.####.#..........
... ..#.....#####
#.# ###.....# ###
#.. .......# ... ##
###.##### .#.


You could see a centaur.

Vanquished Creatures
  An ice beast (D:5)
  2 phantoms
  2 scorpions (D:4)
  An iguana (D:4)
  A worker ant (D:4)
  A hound zombie (D:5)
  A hound skeleton (D:5)
  A gnoll (D:5)
  An adder (D:4)
  10 orcs
  3 hobgoblins
  A quokka (D:5)
  A rat (D:3)
26 creatures vanquished.

Notes
Turn   | Place    | Note
-------+----------+-------------------------------------------
     0 | D:1      | tidbits the Gnoll Assassin began the quest for the Orb.
     0 | D:1      | Reached XP level 1. HP: 20/20 MP: 1/1
   242 | D:4      | Noticed an ogre
   242 | D:4      | Noticed a scorpion
   287 | D:4      | Noticed an iguana
   298 | D:4      | Killed an iguana
   298 | D:4      | Reached XP level 2. HP: 26/26 MP: 2/2
   298 | D:4      | Reached XP level 3. HP: 31/31 MP: 3/3
   381 | D:4      | Reached skill level 1 in Long Blades
   381 | D:4      | Reached skill level 1 in Axes
   381 | D:4      | Reached skill level 1 in Maces & Flails
   381 | D:4      | Reached skill level 1 in Polearms
   381 | D:4      | Reached skill level 1 in Staves
   381 | D:4      | Reached skill level 1 in Slings
   381 | D:4      | Reached skill level 1 in Bows
   381 | D:4      | Reached skill level 1 in Crossbows
   381 | D:4      | Reached skill level 1 in Armour
   381 | D:4      | Reached skill level 1 in Shields
   381 | D:4      | Reached skill level 1 in Unarmed Combat
   381 | D:4      | Reached skill level 1 in Spellcasting
   381 | D:4      | Reached skill level 1 in Invocations
   381 | D:4      | Reached skill level 1 in Evocations
   381 | D:4      | Reached XP level 4. HP: 38/38 MP: 5/5
   389 | D:5      | Entered Level 5 of the Dungeon
   429 | D:4      | Reached skill level 1 in Conjurations
   429 | D:4      | Reached skill level 1 in Hexes
   429 | D:4      | Reached skill level 1 in Charms
   429 | D:4      | Reached skill level 1 in Summonings
   429 | D:4      | Reached skill level 1 in Necromancy
   429 | D:4      | Reached skill level 1 in Translocations
   429 | D:4      | Reached skill level 1 in Transmutations
   429 | D:4      | Reached skill level 1 in Fire Magic
   429 | D:4      | Reached skill level 1 in Ice Magic
   429 | D:4      | Reached skill level 1 in Air Magic
   429 | D:4      | Reached skill level 1 in Earth Magic
   429 | D:4      | Reached skill level 1 in Poison Magic
   446 | D:4      | Noticed a phantom
   470 | D:4      | Reached XP level 5. HP: 38/43 MP: 5/7
   476 | D:4      | Killed a phantom
   476 | D:4      | Reached skill level 3 in Dodging
   476 | D:4      | Reached skill level 8 in Stealth
   476 | D:4      | Reached skill level 2 in Invocations
   476 | D:4      | Reached XP level 6. HP: 38/50 MP: 5/8
   540 | D:5      | Noticed a phantom
   540 | D:5      | Noticed an ice beast
   560 | D:5      | Killed an ice beast
   560 | D:5      | Reached skill level 5 in Fighting
   560 | D:5      | Reached skill level 5 in Short Blades
   560 | D:5      | Reached skill level 2 in Long Blades
   560 | D:5      | Reached skill level 2 in Axes
   560 | D:5      | Reached skill level 2 in Maces & Flails
   560 | D:5      | Reached skill level 2 in Polearms
   560 | D:5      | Reached skill level 2 in Staves
   560 | D:5      | Reached skill level 2 in Slings
   560 | D:5      | Reached skill level 2 in Bows
   560 | D:5      | Reached skill level 2 in Crossbows
   560 | D:5      | Reached skill level 5 in Throwing
   560 | D:5      | Reached skill level 2 in Armour
   560 | D:5      | Reached skill level 2 in Shields
   560 | D:5      | Reached skill level 2 in Unarmed Combat
   560 | D:5      | Reached skill level 2 in Spellcasting
   560 | D:5      | Reached skill level 2 in Evocations
   572 | D:5      | Killed a phantom
   572 | D:5      | Reached XP level 7. HP: 15/56 MP: 10/10
   574 | D:5      | Found a hazy altar of Hepliaklqana.
   713 | D:5      | Found a sacrificial altar of Ru.
   749 | D:5      | HP: 3/56 [centaur (4)]
   752 | D:5      | Slain by a centaur

Skill      XL: |  1  2  3  4  5  6 |
---------------+-------------------+-----
Long Blades    | 1 2 |  2.2
Axes           | 1 2 |  2.2
Maces & Flails | 1 2 |  2.2
Polearms       | 1 2 |  2.2
Staves         | 1 2 |  2.2
Slings         | 1 2 |  2.2
Bows           | 1 2 |  2.2
Crossbows      | 1 2 |  2.2
Armour         | 1 2 |  2.2
Shields        | 1 2 |  2.2
Unarmed Combat | 1 2 |  2.2
Spellcasting   | 1 2 |  2.2
Invocations    | 1 2 |  2.5
Evocations     | 1 2 |  2.2
Conjurations   | 1 |  1.8
Hexes          | 1 |  1.8
Charms         | 1 |  1.8
Summonings     | 1 |  1.8
Necromancy     | 1 |  1.8
Translocations | 1 |  1.8
Transmutations | 1 |  1.8
Fire Magic     | 1 |  1.8
Ice Magic      | 1 |  1.8
Air Magic      | 1 |  1.8
Earth Magic    | 1 |  1.8
Poison Magic   | 1 |  1.8
Dodging        | 3 |  3.4
Stealth        | 8 |  8.1
Fighting       | 5 |  5.1
Short Blades   | 5 |  5.1
Throwing       | 5 |  5.1

Action                   |  1- 3 |  4- 6 |  7- 9 || total
-------------------------+-------+-------+-------++-------
Melee: Dagger            |    23 |    32 |    43 ||    98
       Bite              |     1 |     6 |     4 ||    11
       Punch             |       |       |     1 ||     1
 Fire: Blowgun           |     2 |     2 |       ||     4
  Use: Scroll            |       |     4 |       ||     4
       Potion            |       |     3 |     1 ||     4
 Stab: Sleeping          |     3 |     1 |       ||     4
  Eat: Ration            |     1 |       |       ||     1
Armor: Robe              |     3 |     1 |     1 ||     5
Dodge: Dodged            |     9 |    30 |    28 ||    67
Block: Buckler           |       |       |     4 ||     4

Table legend:
 A = Turns spent in this place as a percentage of turns spent in the entire game.
 B = Non-inter-level travel turns spent in this place as a percentage of non-inter-level travel turns spent in the entire game.
 C = Inter-level travel turns spent in this place as a percentage of turns spent in this place.
 D = Turns resting spent in this place as a percentage of non-inter-level travel turns spent in this place.
 E = Turns spent auto-exploring this place as a percentage of non-inter-level travel turns spent in this place.
 F = Non-inter-level travel turns spent in this place divided by the number of levels of this place that you've seen.
                   A       B       C       D       E      F
               +-------+-------+-------+-------+-------+----------------------
         Total | 100.0 | 100.0 |   0.0 |   0.0 |   0.0 | 125.3
       Dungeon | 100.0 | 100.0 |   0.0 |   0.0 |   0.0 | 125.3
               +-------+-------+-------+-------+-------+----------------------

Table legend:
 A = Kills in this place as a percentage of kills in entire the game.
 B = Kills by you in this place as a percentage of kills by you in the entire game.
 C = Kills by friends in this place as a percentage of kills by friends in the entire game.
 D = Other kills in this place as a percentage of other kills in the entire game.
 E = Experience gained in this place as a percentage of experience gained in the entire game.
 F = Experience gained in this place divided by the number of levels of this place that you have seen.
                   A       B       C       D       E      F
               +-------+-------+-------+-------+-------+----------------------
         Total | 100.0 | 100.0 |   N/A |   N/A | 100.0 | 116.3
       Dungeon | 100.0 | 100.0 |   N/A |   N/A | 100.0 | 116.3
               +-------+-------+-------+-------+-------+----------------------

Vault maps used:
D:1:      mrwooster_arrival_statue
D:2:      cheibrodos_greedy_goblins, serial_undead, serial_undead_a,
          serial_undead_f, serial_undead_d, serial_undead_d, serial_undead_f
D:3:      grunt_temple_overflow_open
D:4:      first_ration
D:5:      kennysheep_mini_moat, nicolae_overflow_hidden_temple,
          nicolae_ru_sacrificial_ziggurat, marbit_many_paths,
          serial_bayou_lagoon_a, uniq_blork_the_orc, uniq_prince_ribbit1
D:6:      minmay_temple_entry_glassed_door, basic_altar, serial_shops, shop,
          uniq_menkaure
